 Dungeon Crawl Stone Soup version 0.28-a0-1435-g82390b3a13 (webtiles) character file.

Game seed: 13658203174958771026

78 knot the Chopper (level 4, 0/35 HPs)
             Began as a Demonspawn Berserker on Jan 10, 2022.
             Was a Follower of Trog.
             Succumbed to a goblin's poison
             ... on level 2 of the Dungeon.
             The game lasted 00:01:29 (2533 turns).

knot the Chopper (Demonspawn Berserker)             Turns: 2533, Time: 00:01:30

Health: 0/35       AC:  2    Str: 17    XL:     4   Next: 15%
Magic:  4/4        EV: 12    Int: 11    God:    Trog [*.....]
Gold:   84         SH:  0    Dex: 12    Spells: 3/3 levels left

rFire   . . .      SeeInvis .   a - +0 hand axe
rCold   . . .      Faith    .   (no shield)
rNeg    . . .      Spirit   .   b - +0 animal skin
rPois   .          Reflect  .   (no helmet)
rElec   .          Harm     .   (no cloak)
rCorr   .          Rampage  .   (no gloves)
Will    .....                   (no boots)
Stlth   +.........              (no amulet)
HPRegen 1.11/turn               (no ring)
MPRegen 0.09/turn               (no ring)

@: lethally poisoned (0 -> -3), on berserk cooldown, slowed, very slow
A: claws 1, powered by death 1
a: Renounce Religion, Berserk


You were on level 2 of the Dungeon.
You worshipped Trog.
Trog was aware of your devotion.
You visited 1 branch of the dungeon, and saw 2 of its levels.

You collected 84 gold pieces.

Inventory:

Hand Weapons
 a - a +0 hand axe (weapon)
Missiles
 e - 5 atropa-tipped darts (quivered)
 g - 24 stones
 i - 18 sling bullets
 s - 16 poisoned darts
Armour
 b - a +0 animal skin (worn)
Magical Staves
 f - a staff of fire
Scrolls
 c - 4 scrolls of identify {unknown}
 j - a scroll of fear {unknown}
 k - a scroll of torment {unknown}
 l - a scroll of amnesia {unknown}
 m - a scroll of brand weapon {unknown}
 n - a scroll of teleportation {unknown}
 o - a scroll of blinking {unknown}
 p - 3 scrolls of silence {unknown}
 q - a scroll of vulnerability {unknown}
Potions
 d - a potion of ambrosia {unknown}
 h - a potion of flight {unknown}
 r - a potion of might {unknown}


   Skills:
 - Level 3.0 Fighting
 + Level 4.6 Axes
 - Level 1.7 Armour
 - Level 1.7 Dodging


You had 3 spell levels left.
You didn't know any spells.
Your spell library was empty.

Dungeon Overview and Level Annotations

Branches:
Dungeon (2/15)

Altars:

Annotations:
D:2 1 runed translucent door, Crazy Yiuf


Innate Abilities, Weirdness & Mutations

You have sharp fingernails.
You regenerate a little health from kills.


Message History

You have reached level 4!
You feel clever.
Your demonic ancestry asserts itself...
A wave of death washes over you. The goblin hits you with a +0 club.
* * * LOW HITPOINT WARNING * * *
Items here: ! )) [[ †.
You slash the goblin!
You kill the goblin!
Trog accepts your kill.
The goblin hits you with a +1 dagger of venom.
* * * LOW HITPOINT WARNING * * *
You are poisoned.
You see here a +0 club.
You closely miss the goblin.
You feel sick.
The goblin hits you with a +1 dagger of venom.
* * * LOW HITPOINT WARNING * * *
You are lethally poisoned!
You closely miss the goblin.
* * * LOW HITPOINT WARNING * * *
You feel very sick.
You miss the goblin.
* * * LOW HITPOINT WARNING * * *
You feel very sick. The goblin misses you.
You slash the goblin!
You kill the goblin!
Trog accepts your kill.
* * * LOW HITPOINT WARNING * * *
You feel sick.
Unknown command.
You are too berserk!
Unknown command.
* * * LOW HITPOINT WARNING * * *
You feel sick.
Items here: ! )) [[ †.
You feel a strong urge to attack something.
You are no longer berserk.
You are exhausted.
You feel yourself slow down.
You die...

##.##
#.#############
##.#.###<# #####
##.###.##.# #...#
#.## ##.#.# #.### #
##.###.##.# #.# #
##.#.###.# #.# #
##.####.#######.# #
#.#)).......##.# #
#.#@##.####.##.###
#.#)##.####......#
#.#)##......##.###
#.#)#######.##.#####
#.#.# #...†....#
#.#.# ####†###.#
#.#.# #.###.# #.#.#
#..##.# #.#.#
##.##.#


There were no monsters in sight!

Vanquished Creatures
  Robin (D:2)
  An adder (D:2)
  A worm (D:2)
  A dart slug (D:2)
  A ball python (D:2)
  3 endoplasms
  5 giant cockroaches
  6 goblins
  5 hobgoblins
  3 jackals (D:2)
  4 quokkas
  4 bats
  6 kobolds
  5 rats
46 creatures vanquished.

Vanquished Creatures (others)
  23 plants (D:1)
23 creatures vanquished.

Grand Total: 69 creatures vanquished

Notes
Turn   | Place    | Note
-------+----------+-------------------------------------------
     0 | D:1      | knot the Demonspawn Berserker began the quest for the Orb.
     0 | D:1      | Reached XP level 1. HP: 18/18 MP: 1/1
   223 | D:1      | Reached skill level 3 in Axes
   381 | D:1      | Gained mutation: You have sharp fingernails. [demonic
                  | ancestry]
   381 | D:1      | Reached XP level 2. HP: 8/24 MP: 2/2
   627 | D:1      | Found a faded altar of an unknown god.
  1363 | D:2      | Reached XP level 3. HP: 29/29 MP: 3/3
  1690 | D:2      | Found a runed translucent door.
  1691 | D:2      | Noticed Crazy Yiuf
  1765 | D:2      | Reached skill level 4 in Axes
  2514 | D:2      | Noticed Robin
  2524 | D:2      | Killed Robin
  2525 | D:2      | Gained mutation: You regenerate a little health from kills.
                  | [demonic ancestry]
  2525 | D:2      | Reached XP level 4. HP: 18/35 MP: 4/4
  2532 | D:2      | HP: 2/52 [poisoned by a goblin]
  2533 | D:2      | Succumbed to a goblin's poison

Illustrated notes

Levels and vault maps discovered:
D:1:      roderic_crop_circles_arrival_small, layout_basic,
          ebering_ecumenical_altar_webs
D:2:      layout_loops_ring, basic_altar, uniq_crazy_yiuf_cottage, uniq_robin

Skill      XL: |  1  2  3 |
---------------+----------+-----
Axes           | 3 4 |  4.6
Fighting       | |  3.0
Armour         | |  1.7
Dodging        | |  1.7

Action                   |  1- 3 |  4- 6 || total
-------------------------+-------+-------++-------
Melee: Hand axe          |   121 |     5 ||   126
       Punch             |     1 |       ||     1
Invok: Berserk           |     3 |       ||     3
Armor: Animal skin       |    20 |       ||    20
Dodge: Dodged            |    89 |     1 ||    90

Table legend: (Time is in decaauts)
 A = Elapsed time spent in this place.
 B = Non-inter-level travel time spent in this place.
 C = Inter-level travel time spent in this place.
 D = Time resting spent in this place.
 E = Time spent auto-exploring this place.
 F = Levels seen in this place.
 G = Mean time per level.
                   A        B        C        D        E       F      G
               +--------+--------+--------+--------+--------+-----+--------+
         Total |   2566 |   2540 |     26 |    650 |   1606 |   2 | 1283.0 |
       Dungeon |   2566 |   2540 |     26 |    650 |   1606 |   2 | 1283.0 |
               +--------+--------+--------+--------+--------+-----+--------+

Top non-repeatable levels by time:
     D:1: 1373 daAuts
     D:2: 1193 daAuts
